Map: Bridgehead LE (Void)

Players

RayReign - Winner!

  • Race: Protoss Protoss
  • League: Master

KiFirE

  • Race: Protoss Protoss
  • League: Master

Event: ASL Season 5 Prime League LOTV Beta

VOD

Have the link to the VOD?

Description

Time

  • Played on: Sept. 4, 2015, 9:49 p.m.
  • Length: 10:31

All games in this series

Show
View Real Time Build Order
Export as new Build Order

RayReign Protoss - Winner!

Build Orders:  

Get SALT Encoding   

  12  0:00  Probe (Chrono Boost)  
  13  0:10  Probe (Chrono Boost)  
  14  0:22  Probe (Chrono Boost), Pylon  
  15  0:40  Probe (Chrono Boost)  
  15  0:42  Gateway  
  16  0:48  Assimilator  
  16  0:50  Probe (Chrono Boost)  
  16  0:51  Assimilator  
  17  1:00  Probe (Chrono Boost)  
  18  1:05  Gateway  
  18  1:11  Probe (Chrono Boost)  
  19  1:21  Probe (Chrono Boost)  
  20  1:32  Cybernetics Core, Probe (Chrono Boost)  
  21  1:38  Pylon  
  21  1:43  Probe (Chrono Boost)  
  22  1:53  Probe (Chrono Boost)  
  23  2:09  Mothership Core (Chrono Boost), Warp Gate (Chrono Boost)  
  23  2:10  Adept x2  
  29  2:27  Probe (Chrono Boost)  
  30  2:38  Probe (Chrono Boost)  
  31  2:55  Pylon  
  31  2:56  Pylon  
  31  3:00  Pylon  
  31  3:03  Pylon  
  31  3:13  Adept x2  
  31  3:17  Pylon  
  35  3:26  Nexus  
  35  3:27  Probe  
  35  3:33  Pylon  
  36  3:51  Probe  
  37  4:03  Probe  
  38  4:12  Twilight Council  
  38  4:15  Probe  
  39  4:17  Stalker x2  
  43  4:25  Pylon  
  43  4:27  Probe  
  44  4:32  Pylon  
  44  4:36  Probe  
  44  4:39  Probe  
  46  4:47  Stalker x2, Probe  
  46  4:51  Probe  
  51  4:57  Probe  
  52  5:03  Probe  
  53  5:07  Probe, Stargate x2  
  54  5:15  Probe  
  52  5:34  Probe  
  48  5:36  Probe  
  46  5:44  Probe  
  46  5:48  Probe  
  48  5:50  Pylon, Assimilator  
  48  5:51  Phoenix x2 (Chrono Boost)  
  48  5:52  Assimilator  
  52  5:58  Stalker x2  
  52  6:02  Blink  
  56  6:07  Probe x2  
  55  6:15  Phoenix (Chrono Boost)  
  55  6:16  Phoenix (Chrono Boost)  
  59  6:24  Mothership Core, Probe  
  62  6:31  Pylon  
  62  6:33  Forge  
  62  6:37  Probe  
  62  6:38  Robotics Facility  
  63  6:43  Phoenix (Chrono Boost)  
  63  6:45  Probe  
  66  6:49  Probe  
  66  6:53  Phoenix (Chrono Boost)  
  69  7:03  Probe x2  
  69  7:06  Phoenix (Chrono Boost)  
  69  7:07  Pylon  
  71  7:16  Nexus  
  71  7:23  Photon Cannon  
  71  7:26  Phoenix (Chrono Boost)  
  72  7:34  Phoenix (Chrono Boost)  
  74  7:48  Stalker x2, Pylon  
  74  7:50  Phoenix (Chrono Boost)  
  80  7:58  Probe  
  80  8:03  Phoenix (Chrono Boost)  
  83  8:08  Probe  
  83  8:10  Probe  
  83  8:11  Gateway  
  85  8:13  Gateway  
  85  8:23  Probe x2  
  85  8:26  Stalker x2  
  91  8:30  Phoenix (Chrono Boost)  
  91  8:33  Phoenix (Chrono Boost)  
  91  8:46  Probe x2  
  89  8:51  Phoenix (Chrono Boost)  
  89  8:54  Phoenix (Chrono Boost)  
  87  9:12  Phoenix (Chrono Boost)  
  87  9:14  Phoenix (Chrono Boost)  
  90  9:18  Pylon x2  
  90  9:20  Pylon  
  90  9:27  Immortal  
  90  9:31  Zealot x2  
  98  9:33  Phoenix (Chrono Boost)  
  98  9:37  Phoenix (Chrono Boost)  
  102  9:45  Assimilator  
  102  9:46  Zealot x2  
  102  9:50  Assimilator  
  106  9:54  Phoenix (Chrono Boost)  
  106  9:56  Zealot  
  106  9:58  Phoenix (Chrono Boost)  
  112  10:05  Zealot  
  111  10:10  Zealot  
Show
View Real Time Build Order
Export as new Build Order

KiFirE Protoss 

Build Orders: Phoenix Opening 

Get SALT Encoding   

  12  0:00  Probe (Chrono Boost)  
  13  0:10  Probe (Chrono Boost)  
  14  0:20  Pylon  
  14  0:22  Probe (Chrono Boost)  
  15  0:38  Probe (Chrono Boost)  
  16  0:42  Gateway  
  16  0:48  Probe (Chrono Boost)  
  17  0:51  Assimilator  
  17  0:55  Assimilator  
  17  0:58  Probe (Chrono Boost)  
  18  1:08  Gateway  
  18  1:11  Probe (Chrono Boost)  
  19  1:21  Probe (Chrono Boost)  
  19  1:22  Pylon  
  20  1:32  Cybernetics Core  
  20  1:35  Probe (Chrono Boost)  
  21  1:45  Probe (Chrono Boost)  
  22  1:55  Probe (Chrono Boost)  
  23  2:05  Probe (Chrono Boost)  
  24  2:10  Adept x2  
  24  2:11  Stargate  
  24  2:13  Warp Gate  
  28  2:22  Mothership Core (Chrono Boost)  
  30  2:26  Pylon  
  30  2:40  Probe (Chrono Boost)  
  31  2:50  Probe (Chrono Boost)  
  32  2:54  Stalker  
  32  2:55  Phoenix  
  36  3:04  Stalker  
  38  3:07  Probe (Chrono Boost)  
  39  3:23  Pylon  
  39  3:40  Pylon, Phoenix  
  41  4:00  Probe (Chrono Boost)  
  38  4:04  Robotics Facility  
  38  4:10  Phoenix  
  38  4:12  Nexus  
  40  4:28  Probe (Chrono Boost)  
  41  4:34  Gateway  
  41  4:36  Gateway  
  41  4:40  Phoenix  
  43  4:51  Observer  
  44  4:53  Probe (Chrono Boost)  
  45  5:03  Probe (Chrono Boost)  
  46  5:09  Pylon  
  46  5:13  Probe (Chrono Boost)  
  41  5:23  Probe (Chrono Boost)  
  36  5:34  Probe (Chrono Boost)  
  33  5:40  Probe (Chrono Boost)  
  33  5:44  Probe (Chrono Boost)  
  34  5:50  Probe (Chrono Boost)  
  34  5:54  Probe (Chrono Boost)  
  36  6:01  Nexus  
  36  6:09  Probe x2 (Chrono Boost)  
  38  6:13  Sentry  
  40  6:19  Probe (Chrono Boost)  
  40  6:27  Probe (Chrono Boost)  
  40  6:32  Sentry  
  43  6:36  Probe (Chrono Boost)  
  43  6:37  Probe (Chrono Boost)  
  45  6:50  Immortal  
  45  6:51  Probe (Chrono Boost)  
  45  6:53  Probe (Chrono Boost)  
  51  7:01  Probe (Chrono Boost)  
  51  7:03  Probe (Chrono Boost)  
  53  7:11  Probe (Chrono Boost)  
  53  7:13  Void Ray  
  54  7:18  Probe x2 (Chrono Boost)  
  60  7:29  Probe x2 (Chrono Boost)  
  62  7:31  Probe (Chrono Boost)  
  62  7:34  Pylon  
  63  7:39  Probe (Chrono Boost)  
  63  7:41  Immortal (Chrono Boost)  
  64  7:45  Probe  
  61  7:51  Stalker  
  61  7:52  Stalker  
  65  8:08  Stalker  
  67  8:17  Stalker x2  
  63  8:24  Pylon  
  63  8:25  Immortal (Chrono Boost)  
  57  8:47  Stalker x3  
  61  8:48  Probe  
  61  8:50  Probe  
  61  8:52  Probe  
  50  9:24  Stalker x3  
  50  9:27  Probe  
  55  10:09  Probe  
  55  10:10  Probe  
  55  10:11  Probe  
Tags
 
Add a new tag
Caveats
  • Supply blocks, unpowered buildings, or Contaminate may cause inaccurate times.
  • Supply counts are checked every 10 seconds.